 Dungeon Sprint DCSS version 0.30-a0-1103-g25895a7845 (webtiles) character file.

Game seed: 8272441081367705500

137 sircluck the Cleaver (level 5, -1/52 HPs)
             Began as a Hill Orc Monk on Apr 18, 2023.
             Slain by an orc wizard
             ... wielding a +4 dagger
              (4 damage)
             ... in the Dungeon (Sprint IX: "|||||||||||||||||||||||||||||").
             The game lasted 00:01:01 (54 turns).

sircluck the Cleaver (Hill Orc Monk)                  Turns: 54, Time: 00:01:02

Health: -1/52      AC:  2    Str: 16    XL:     5   Next: 20%
Magic:  5/5        EV: 14    Int: 10    God:
Gold:   0          SH:  0    Dex: 13    Spells: 4/4 levels left

rFire   . . .      SeeInvis .    a - +0 hand axe
rCold   . . .      Faith    .    d - orb {light}
rNeg    . . .      Spirit   .    b - +0 robe
rPois   .          Reflect  .    (no helmet)
rElec   .          Rampage  .    (no cloak)
rCorr   .          NoTele   +    (no gloves)
Will    .....                    (no boots)
Stlth   +                        (no amulet)
HPRegen 0.28/turn                (no ring)
MPRegen 0.09/turn                (no ring)

@: confused, glowing
A: no striking features
a: no special abilities


You were in the Dungeon.
You visited 1 branch

Inventory:

Hand Weapons
 a - a +0 hand axe (weapon)
Armour
 b - a +0 robe (worn)
 d - an orb of light (worn)
Scrolls
 j - a scroll of blinking
Potions
 c - a potion of ambrosia
 g - a potion of haste
 h - 2 potions of magic
 i - a potion of berserk rage


   Skills:
 + Level 7.5 Fighting
 + Level 8.8 Axes
 + Level 5.4 Dodging


You had 4 spell levels left.
You didn't know any spells.
Your spell library was empty.

Dungeon Overview and Level Annotations

Branches:
Dungeon (1/1)

Altars:


Message History

The centaur hits you but does no damage.
The centaur barely misses you. The centaur closely misses you.
The centaur kicks you but does no damage.
You hit the centaur.
The centaur is heavily wounded.
The centaur misses you. The centaur barely misses you.
The centaur attacks as you move away! The centaur hits you.
* * * LOW HITPOINT WARNING * * *
The centaur closely misses you. The centaur barely misses you.
The centaur kicks you.
* * * LOW HITPOINT WARNING * * *
You hit the centaur.
The centaur is severely wounded.
The centaur hits you.
* * * LOW HITPOINT WARNING * * *
The centaur kicks you.
* * * LOW HITPOINT WARNING * * *
You hit the centaur.
You kill the centaur!
Your Fighting skill increases to level 7!
Your Axes skill increases to level 8!
Your Dodging skill increases to level 5!
You have reached level 5!
You feel stronger.
You hit the orc wizard.
The orc wizard is moderately wounded.
The orc wizard hits you with a +4 dagger.
* * * LOW HITPOINT WARNING * * *
You hit the orc wizard.
The orc wizard is heavily wounded.
The orc wizard points at you and mumbles some strange words.
You are confused.
You hit the orc wizard but do no damage.
The orc wizard is heavily wounded.
You hit the orc wizard.
The orc wizard is almost dead.
The orc wizard closely misses you.
The orc wizard attacks as you move away!
The orc wizard hits you with a +4 dagger.
You die...

▓.▓
▓.▓
▓.▓
▓)▓
▓.▓
▓.▓
▓.▓
▓.▓
▓@▓
▓o▓
▓.▓
▓.▓
▓.▓
▓.▓
▓.▓
▓+▓


You could see an orc wizard (invisible).

Vanquished Creatures
  A centaur (D)
  2 hounds (D)
  An orc (D)
  3 bats (D)
  A goblin (D)
  A kobold (D)
9 creatures vanquished.

Notes
Turn   | Place    | Note
-------+----------+-------------------------------------------
     0 | D        | sircluck the Hill Orc Monk began the quest for the Orb.
     0 | D        | Reached XP level 1. HP: 19/19 MP: 1/1
    24 | D        | Noticed a hound
    24 | D        | Noticed a hound
    24 | D        | Noticed a centaur
    24 | D        | Noticed an orc wizard
    29 | D        | Reached XP level 2. HP: 22/28 MP: 2/2
    32 | D        | Reached skill level 5 in Fighting
    32 | D        | Reached skill level 6 in Axes
    32 | D        | Reached XP level 3. HP: 26/36 MP: 3/3
    41 | D        | Reached skill level 7 in Axes
    41 | D        | Reached XP level 4. HP: 12/44 MP: 4/4
    49 | D        | Killed a centaur
    50 | D        | Reached skill level 8 in Axes
    50 | D        | Reached skill level 5 in Dodging
    50 | D        | Reached XP level 5. HP: 8/52 MP: 5/5
    50 | D        | HP: 2/52 [orc wizard/+4 dagger (6)]
    54 | D        | Slain by an orc wizard

Illustrated notes

Levels and vault maps discovered:
D:        linesprint [early_d, line_temple, items_1, d_10, items_2, lair_1,
          lair_end, items_3, orc_1, orc_end, items_4, d_15, swamp_1, shoals_1,
          snake_1, spider_1, d_20, vaults_1, items_5, swamp_end, shoals_end,
          snake_end, spider_end, vaults_end, d_27, items_6, zot_1, zot_end,
          crypt_end, forest_end, elf_end, slime_end, tomb_end, abyss_end,
          pan_hell_end]

Skill      XL: |  1  2  3  4 |
---------------+-------------+-----
Fighting       | 4 5 6 7 |  7.5
Dodging        | 3 4 5 |  5.4
Axes           | 6 7 8 |  8.8

Action                     |  1- 3 |  4- 6 || total
---------------------------+-------+-------++-------
  Melee: Hand axe          |    29 |    10 ||    39
    Use: Potion            |     1 |     1 ||     2
 Armour: Robe              |     7 |     4 ||    11
  Dodge: Dodged            |    17 |    12 ||    29

Table legend: (Time is in decaauts)
 A = Elapsed time spent in this place.
 B = Non-inter-level travel time spent in this place.
 C = Inter-level travel time spent in this place.
 D = Time resting spent in this place.
 E = Time spent auto-exploring this place.
 F = Levels seen in this place.
 G = Mean time per level.
                   A        B        C        D        E       F      G
               +--------+--------+--------+--------+--------+-----+--------+
         Total |     54 |     54 |      0 |      0 |      0 |   1 |   54.0 |
       Dungeon |     54 |     54 |      0 |      0 |      0 |   1 |   54.0 |
               +--------+--------+--------+--------+--------+-----+--------+

Top non-repeatable levels by time:
       D: 54 daAuts
